AoeStats
← kkkg

Arena

508124669Analyzed
3v3 RM · 11d ago on Sep 21, 2026· 61m 15s· 6 players
Game mode
Random Map
Map size
Normal (6 player)
Population
200
Speed
Normal
Resources
Standard
Victory
Conquest
Starting age
Dark Age
Ending age
Imperial Age
RankedLock teamsTeams togetherTeam positionsShared explorationLock speedFull tech treeHidden civsTurbo modeCheats
Victory
Defeat
🇦🇷 Bohemians · Argentina
1121
+10
🇦🇷 Burgundians · Argentina
996
+15
🇦🇷 Portuguese · Argentina
992
+14
🇨🇳 Berbers · China
1002
-14
🇨🇳 Magyars · China
969
-13
🇨🇴 Spanish · Colombia
947
-12
Mr. S. Holmes
12:06 Feudal Age
15:58 Castle Age
13:49 Double-Bit Axe
15:22 Stone Mining
15:44 Horse Collar
17:59 Man-at-Arms
20:24 Long Swordsman
23:38 Heavy Plow
23:55 Bow Saw
26:35 Wheelbarrow
28:07 Gold Mining
31:09 Hand Cart
34:53 Imperial Age
32:11 Town Watch
33:02 Bloodlines
33:38 Light Cavalry
36:31 Stone Shaft Mining
39:13 Hussar
41:22 Cavalier
41:51 Pikeman
42:17 Arson
42:33 Squires
42:47 Fortified Wall
43:24 Caravan
43:00 Halberdier
44:04 Ballistics
46:55 Forging
46:52 Scale Barding Armor
47:10 Scale Mail Armor
47:02 Fletching
47:12 Padded Archer Armor
50:04 Chemistry
53:23 Paladin
54:05 Husbandry
56:56 Two-Handed Swordsman
57:22 Gambesons
Sanchi
11:29 Feudal Age
16:23 Castle Age
14:31 Horse Collar
14:41 Double-Bit Axe
18:22 Fletching
18:33 Padded Archer Armor
19:04 Scale Barding Armor
19:35 Bloodlines
20:23 Husbandry
22:41 Leather Archer Armor
22:29 Bodkin Arrow
25:17 Heavy Plow
27:07 Thumb Ring
29:59 Stone Mining
30:00 Gold Mining
34:37 Gold Shaft Mining
36:32 Corvinian Army
38:32 Chain Barding Armor
38:57 Bow Saw
40:35 Leather Archer Armor
46:04 Ballistics
50:24 Imperial Age
51:13 Elite Magyar Huszar
52:15 Conscription
53:26 Plate Barding Armor
kkkg
11:21 Feudal Age
15:06 Castle Age
13:05 Double-Bit Axe
14:04 Horse Collar
16:37 Bow Saw
16:34 Heavy Plow
20:15 Loom
28:52 Fletching
29:14 Kasbah
29:54 Bodkin Arrow
35:56 Imperial Age
36:25 Husbandry
36:36 Bloodlines
39:03 Town Watch
RHT.H1r4m ∴
11:20 Feudal Age
13:23 Loom
16:47 Castle Age
16:28 Double-Bit Axe
16:26 Horse Collar
17:31 Husbandry
17:34 Gold Mining
18:56 Forging
19:57 Wheelbarrow
21:41 Scale Barding Armor
22:31 Gold Shaft Mining
22:38 Stone Mining
26:07 Iron Casting
29:40 Fletching
29:50 Padded Archer Armor
31:09 Hand Cart
31:49 Cavalier
35:01 Imperial Age
33:44 Chain Barding Armor
35:45 Paladin
38:09 Bodkin Arrow
39:15 Blast Furnace
38:50 Plate Barding Armor
41:34 Conscription
42:18 Burgundian Vineyards
43:51 Stone Shaft Mining
44:20 Chemistry
43:32 Fortified Wall
43:18 Murder Holes
45:14 Pikeman
45:54 Squires
46:01 Halberdier
48:59 Sappers
52:10 Elite Coustillier
53:41 Ballistics
57:07 Scale Mail Armor
57:08 Bracer
RHT.patriotaSJ
2:28 Loom
10:43 Feudal Age
11:42 Double-Bit Axe
19:18 Castle Age
18:16 Horse Collar
18:36 Fletching
18:53 Town Watch
20:32 Heavy Plow
20:05 Elite Skirmisher
30:02 Imperial Age
28:07 Bow Saw
29:23 Forging
29:14 Scale Mail Armor
29:51 Murder Holes
30:38 Fortified Wall
32:15 Chemistry
34:35 Bodkin Arrow
34:55 Chain Mail Armor
37:22 Wheelbarrow
36:48 Town Patrol
39:03 Two-Man Saw
44:55 Hand Cart
45:14 Conscription
44:44 Sappers
45:27 Padded Archer Armor
46:50 Pikeman
47:16 Arson
49:04 Gambesons
48:51 Halberdier
52:10 Crop Rotation
53:21 Circumnavigation
53:27 Circumnavigation
53:30 Arquebus
54:27 Thumb Ring
RHT.Not_Zorrito
8:22 Loom
10:20 Feudal Age
9:31 Loom
11:57 Town Watch
14:43 Castle Age
13:18 Double-Bit Axe
15:25 Horse Collar
19:46 Bow Saw
20:57 Redemption
23:06 Fervor
25:21 Heavy Plow
29:54 Imperial Age
28:02 Wheelbarrow
29:18 Fletching
31:06 Chemistry
31:17 Bodkin Arrow
33:31 Hand Cart
33:56 Block Printing
34:07 Conscription
35:41 Houfnice
37:24 Illumination
37:25 Sanctity
39:30 Theocracy
41:19 Wagenburg Tactics
41:53 Treadmill Crane
42:23 Masonry
42:30 Bracer
42:33 Padded Archer Armor
43:53 Hussite Reforms
44:44 Elite Hussite Wagon
50:19 Two-Man Saw
51:48 Leather Archer Armor
58:43 Ballistics
58:54 Architecture
Connection lost

Rejoining the realm…

Still unreachable

The connection could not be restored.

Session expired

The server has moved on; the page needs a fresh start.